 Dungeon Crawl Stone Soup version 0.23-a0-395-gcf17ac6c65 (webtiles) character file.

15528 Napalmbreeze the Thaumaturge (level 12, 0/94 HPs)
             Began as a Gnoll Skald on Nov 1, 2018.
             Was a High Priest of Okawaru.
             Slain by an eight-headed hydra (13 damage)
             ... on level 1 of the Lair of Beasts.
             The game lasted 00:41:19 (11406 turns).

Napalmbreeze the Thaumaturge (Gnoll Skald)         Turns: 11406, Time: 00:41:22

Health: 0/94       AC: 20    Str: 17    XL:     12   Next: 28%
Magic:  22/24      EV: 22    Int: 16    God:    Okawaru [*****.]
Gold:   602        SH:  4    Dex: 16    Spells: 19/28 levels left

rFire    . . .     SeeInvis +   a - +6 dire flail (protect)
rCold    + . .     Gourm    .   (shield currently unavailable)
rNeg     . . .     Faith    .   C - +3 leather armour {rPois}
rPois    +         Spirit   .   o - +2 hat
rElec    .         Reflect  +   q - scarf {cloud immunity}
rCorr    .         Harm     .   l - +2 pair of gloves {archery}
MR       .....                  (no boots)
Stlth    +++++.....             D - +4 amulet of reflection
HPRegen  1.25/turn              O - ring of protection from cold
MPRegen  0.19/turn              m - ring of see invisible

@: heroism, protection aura, regenerating (expiring)
A: distributed training, fangs 1, strong nose
a: Heroism, Finesse, Renounce Religion


You were on level 1 of the Lair of Beasts.
You worshipped Okawaru.
Okawaru was extremely pleased with you.
You were not hungry.

You visited 3 branches of the dungeon, and saw 12 of its levels.

You collected 628 gold pieces.
You spent 26 gold pieces at shops.

Inventory:

Hand Weapons
 a - a +6 dire flail of protection (weapon)
 R - a +4 trident of piercing
Missiles
 t - 118 sling bullets
 z - 208 arrows
 P - 6 throwing nets (quivered)
Armour
 l - a +2 pair of gloves of archery (worn)
 o - a +2 hat (worn)
 q - a scarf of cloud immunity (worn)
 w - the +1 buckler of the Present {rN++}
   (You found it on level 9 of the Dungeon)

   It greatly protects you from negative energy.
 C - a +3 leather armour of poison resistance (worn)
 M - the +2 plate armour "Izaffa" {+Fly rElec}
   (You found it on level 9 of the Dungeon)

   It insulates you from electricity.
   It lets you fly.
Jewellery
 c - an uncursed ring of wizardry
 j - an uncursed amulet of guardian spirit
 m - a ring of see invisible (right hand)
 D - a +4 amulet of reflection (around neck)
 O - a ring of protection from cold (left hand)
Wands
 B - a wand of iceblast (15)
 J - a wand of scattershot (6)
 N - a wand of acid (7)
 Q - a wand of polymorph (10)
Scrolls
 b - a scroll of brand weapon {unknown}
 f - 6 scrolls of remove curse
 g - 2 scrolls of amnesia
 h - 14 scrolls of identify
 k - a scroll of noise {unknown}
 n - a scroll of enchant armour {unknown}
 u - 3 scrolls of fog
 y - 2 scrolls of blinking
 A - 4 scrolls of magic mapping
 F - a scroll of teleportation
 H - 2 scrolls of enchant weapon {unknown}
 I - a scroll of vulnerability {unknown}
 L - 2 scrolls of immolation {unknown}
Potions
 e - a potion of lignification
 i - 3 potions of curing
 p - 2 potions of ambrosia {unknown}
 r - a potion of heal wounds {unknown}
 s - 2 potions of magic {unknown}
 v - 3 potions of haste {unknown}
 x - 3 potions of brilliance {unknown}
 E - a potion of invisibility {unknown}
 G - 2 potions of mutation {unknown}
 K - a potion of flight {unknown}
 T - a potion of might {unknown}
Comestibles
 d - 10 rations
 S - 8 chunks of flesh


   Skills:
 + Level 8.4(13.4) Fighting
 + Level 7.0(12.0) Short Blades
 + Level 7.0(12.0) Long Blades
 + Level 8.4(13.4) Axes
 + Level 7.0(12.0) Maces & Flails
 + Level 7.0(12.0) Polearms
 + Level 7.0(12.0) Staves
 + Level 7.0(12.0) Slings
 + Level 7.0(12.0) Bows
 + Level 7.0(12.0) Crossbows
 + Level 7.0(12.0) Throwing
 + Level 7.5(12.5) Armour
 + Level 8.4(13.4) Dodging
 + Level 7.0(12.0) Stealth
 + Level 7.0(12.0) Shields
 + Level 7.0(12.0) Unarmed Combat
 + Level 8.7 Spellcasting
 + Level 5.8 Conjurations
 + Level 5.8 Hexes
 + Level 8.1 Charms
 + Level 5.8 Summonings
 + Level 5.8 Necromancy
 + Level 5.8 Translocations
 + Level 5.8 Transmutations
 + Level 5.8 Fire Magic
 + Level 5.8 Ice Magic
 + Level 5.8 Air Magic
 + Level 5.8 Earth Magic
 + Level 5.8 Poison Magic
 + Level 7.7 Invocations
 + Level 7.0 Evocations


You had 19 spell levels left.
You knew the following spells:

 Your Spells              Type           Power        Failure   Level  Hunger
a - Infusion              Chrm           ####         1%          1    None
d - Song of Slaying       Chrm           ####....     1%          2    None
q - Regeneration          Chrm/Necr      ####......   1%          3    #......
s - Spectral Weapon       Hex/Chrm       ####....     1%          3    #......

Your spell library contained the following spells:

 Spells                   Type           Power        Failure   Level  Hunger
 Animate Skeleton         Necr           N/A          1%          1    None
 Apportation              Tloc           ####..       1%          1    None
 Beastly Appendage        Tmut           ####..       1%          1    None
 Confusing Touch          Hex            ####..       1%          1    None
 Corona                   Hex            ####...      1%          1    None
 Flame Tongue             Conj/Fire      ####.        1%          1    None
 Pain                     Necr           ####         1%          1    None
 Summon Small Mammal      Summ           ####         1%          1    None
 Corpse Rot               Necr           N/A          1%          2    None
 Ensorcelled Hibernation  Hex/Ice        ####..       1%          2    None
 Shroud of Golubria       Chrm/Tloc      ####......   1%          2    None
 Sticks to Snakes         Tmut           ####....     1%          2    None
 Throw Flame              Conj/Fire      ####..       1%          2    None
 Confuse                  Hex            ####....     3%          3    #......
 Conjure Flame            Conj/Fire      ####....     3%          3    #......
 Dazzling Spray           Conj/Hex       ####..       3%          3    #......
 Inner Flame              Hex/Fire       ####....     3%          3    #......
 Spider Form              Tmut/Pois      ####......   3%          3    #......
 Stone Arrow              Conj/Erth      ####..       3%          3    #......
 Tukima's Dance           Hex            ####....     3%          3    #......
 Vampiric Draining        Necr           ####......   3%          3    #......
 Animate Dead             Necr           N/A          11%         4    ###....
 Ice Form                 Ice/Tmut       ####....     11%         4    ###....
 Sticky Flame             Conj/Fire      ####....     11%         4    ###....
 Agony                    Necr           ####....     30%         5    #####..
 Blade Hands              Tmut           ####......   30%         5    #####..
 Fireball                 Conj/Fire      ####......   30%         5    #####..


Dungeon Overview and Level Annotations

Branches:
Dungeon (10/15)            Temple (1/1) D:6            Lair (1/6) D:9
    Orc (0/2) D:9

Altars:
Ashenzari
Cheibriados
Dithmenos
Elyvilon
Fedhas
Gozag
Hepliaklqana
Kikubaaqudgha
Makhleb
Nemelex Xobeh
Okawaru
Qazlal
Ru
Sif Muna
Trog
Uskayaw
Vehumet
Wu Jian
Xom
Yredelemnul
Zin
The Shining One
Beogh

Shops:
D:5 }   D:6 ?   D:7 [   D:8 !


Innate Abilities, Weirdness & Mutations

Your experience applies equally to all skills.
You have very sharp teeth.
Your uncanny sense of smell can sniff out nearby items.


Message History

You catch the helpless eight-headed hydra completely off-guard!
You sock the eight-headed hydra!
The eight-headed hydra is severely wounded.
Your spectral weapon hits the eight-headed hydra!
The yak misses you.
Unknown command.
You hit the eight-headed hydra.
The eight-headed hydra is almost dead.
Your spectral weapon fades away.
The eight-headed hydra bites you!
* * * LOW HITPOINT WARNING * * *
The eight-headed hydra bites you but does no damage.
The eight-headed hydra closely misses you.
The eight-headed hydra barely misses you.
The eight-headed hydra bites you!
* * * LOW HITPOINT WARNING * * *
The eight-headed hydra misses you.
You block the eight-headed hydra's attack.
The eight-headed hydra bites you!
You die...

...P.#.#.###.#.####
#.....†...........#
.....#............###
..##.....≈####..†##)# ##
..##.#...## ##...#..############.
.....#...####≈..##..#............
..#..#...........#..#.........###
...#.#........#..D###..####.#.# #
..#####.#P.P####@.)##.#.###.#.#
...# #####..Y#%.##......##.#
###.# #(...#####.###P.##.# # # ..
############.###..#...## #
#.#.#.#..##...#....#.#.# ##.#
#...............#..###.. ...#
#######.###...#.#......# .#.# ###
##.##..♣...... ## #.....≈.≈.≈.♣


You could see an eight-headed hydra and a yak.

Vanquished Creatures
  A hydra (Lair:1)
  3 two-headed ogres
  The ghost of hemabe the Vandal, a novice HuAr of Trog (D:7)
  Joseph (D:7)
  2 black mambas (Lair:1)
  5 spiny frogs (Lair:1)
  A komodo dragon (Lair:1)
  A merfolk (D:9)
  2 trolls (D:10)
  Grinder (D:6)
  A hippogriff (Lair:1)
  10 yaks
  Grum (D:9)
  A basilisk (Lair:1)
  A hungry ghost (D:8)
  Menkaure (D:4)
  Edmund (D:6)
  2 water moccasins
  6 orc warriors
  6 porcupines
  A black bear (D:9)
  2 necrophages
  5 ogres
  4 sky beasts
  A phantom (D:6)
  3 centaurs
  A crocodile (Lair:1)
  6 bullfrogs
  5 gnoll sergeants (D:9)
  2 scorpions
  9 killer bees (D:7)
  5 wights (D:9)
  4 electric eels (D:6)
  4 crimson imps
  Crazy Yiuf (D:1)
  2 centaur skeletons
  13 hounds (D:9)
  8 orc priests
  A bullfrog skeleton (D:8)
  Ijyb (D:4)
  2 gnoll shamans (D:9)
  6 worker ants
  5 iguanas
  11 orc wizards
  A hound zombie (D:6)
  A hound skeleton (D:5)
  26 gnolls
  2 howler monkey skeletons (D:10)
  12 adders
  5 shadow imps
  2 oozes
  2 adder skeletons
  2 worms
  3 dart slugs
  22 orcs
  8 giant cockroaches
  8 goblins
  6 hobgoblins
  7 jackals
  9 quokkas
  8 bats
  7 frilled lizards
  7 kobolds
  2 leopard gecko skeletons
  A quokka skeleton (D:9)
  7 rats
298 creatures vanquished.

Vanquished Creatures (others)
  2 fungi
  3 plants (Lair:1)
  4 spectral weapons
9 creatures vanquished.

Grand Total: 307 creatures vanquished

Notes
Turn   | Place    | Note
-------+----------+-------------------------------------------
     0 | D:1      | Napalmbreeze the Gnoll Skald began the quest for the Orb.
     0 | D:1      | Reached XP level 1. HP: 20/20 MP: 6/6
   102 | D:1      | Reached XP level 2. HP: 22/26 MP: 7/7
   422 | D:1      | Reached XP level 3. HP: 26/31 MP: 9/9
   429 | D:1      | Reached skill level 5 in Spellcasting
   439 | D:1      | Learned a level 3 spell: Regeneration
   443 | D:1      | Learned a level 3 spell: Spectral Weapon
   913 | D:2      | Found a runed door.
   918 | D:2      | Noticed Crazy Yiuf
  1276 | D:1      | Killed Crazy Yiuf
  1276 | D:1      | Reached skill level 1 in Short Blades
  1276 | D:1      | Reached skill level 1 in Long Blades
  1276 | D:1      | Reached skill level 1 in Maces & Flails
  1276 | D:1      | Reached skill level 1 in Polearms
  1276 | D:1      | Reached skill level 1 in Staves
  1276 | D:1      | Reached skill level 1 in Slings
  1276 | D:1      | Reached skill level 1 in Bows
  1276 | D:1      | Reached skill level 1 in Crossbows
  1276 | D:1      | Reached skill level 1 in Throwing
  1276 | D:1      | Reached skill level 1 in Stealth
  1276 | D:1      | Reached skill level 1 in Shields
  1276 | D:1      | Reached skill level 1 in Unarmed Combat
  1276 | D:1      | Reached skill level 1 in Invocations
  1276 | D:1      | Reached skill level 1 in Evocations
  1276 | D:1      | Reached XP level 4. HP: 36/38 MP: 4/11
  1992 | D:3      | Noticed a bullfrog
  1998 | D:2      | Killed a bullfrog
  1998 | D:2      | Reached skill level 1 in Conjurations
  1998 | D:2      | Reached skill level 1 in Hexes
  1998 | D:2      | Reached skill level 1 in Summonings
  1998 | D:2      | Reached skill level 1 in Necromancy
  1998 | D:2      | Reached skill level 1 in Translocations
  1998 | D:2      | Reached skill level 1 in Transmutations
  1998 | D:2      | Reached skill level 1 in Fire Magic
  1998 | D:2      | Reached skill level 1 in Ice Magic
  1998 | D:2      | Reached skill level 1 in Air Magic
  1998 | D:2      | Reached skill level 1 in Earth Magic
  1998 | D:2      | Reached skill level 1 in Poison Magic
  1998 | D:2      | Reached XP level 5. HP: 43/43 MP: 8/12
  2331 | D:3      | Reached XP level 6. HP: 49/50 MP: 13/13
  2673 | D:4      | Reached skill level 5 in Fighting
  2673 | D:4      | Reached skill level 5 in Axes
  2673 | D:4      | Reached skill level 5 in Dodging
  2825 | D:4      | Found a radiant altar of Vehumet.
  2963 | D:4      | Noticed Ijyb
  2971 | D:4      | Killed Ijyb
  2971 | D:4      | Reached XP level 7. HP: 56/56 MP: 11/15
  3043 | D:4      | Noticed Menkaure
  3049 | D:4      | Killed Menkaure
  3469 | D:5      | Entered Level 5 of the Dungeon
  3552 | D:5      | Found Sosaesch's Gadget Shoppe.
  3567 | D:5      | Found a blossoming altar of Fedhas.
  3831 | D:5      | Reached XP level 8. HP: 56/63 MP: 16/16
  3956 | D:5      | Found a shadowy altar of Dithmenos.
  4087 | D:5      | Found an opulent altar of Gozag.
  4270 | D:6      | Noticed Grinder
  4282 | D:6      | Killed Grinder
  4371 | D:6      | Found Pusikle's Magic Scroll Boutique.
  4388 | D:6      | Bought a scroll of identify for 26 gold pieces
  4426 | D:6      | Noticed a two-headed ogre
  4443 | D:6      | Killed a two-headed ogre
  4443 | D:6      | Reached XP level 9. HP: 65/69 MP: 11/18
  4443 | D:6      | Noticed Edmund
  4450 | D:6      | Killed Edmund
  4894 | D:6      | Found a staircase to the Ecumenical Temple.
  4903 | Temple   | Entered the Ecumenical Temple
  5006 | Temple   | Became a worshipper of Warmaster Okawaru
  5482 | D:6      | Reached skill level 5 in Armour
  5668 | D:7      | Found an ornate altar of the Wu Jian Council.
  5956 | D:7      | Found a glowing golden altar of the Shining One.
  6020 | D:7      | Found a large runed door.
  6020 | D:7      | Found a large runed door.
  6022 | D:7      | Noticed hemabe's ghost (novice HuAr)
  6040 | D:7      | Killed hemabe's ghost
  6040 | D:7      | Reached * piety under Okawaru
  6040 | D:7      | Reached skill level 5 in Invocations
  6127 | D:7      | Found Atuyh's Antique Armour Emporium.
  6247 | D:7      | Noticed Joseph
  6279 | D:7      | Killed Joseph
  6279 | D:7      | Reached XP level 10. HP: 58/77 MP: 13/20
  6506 | D:7      | Reached ** piety under Okawaru
  6524 | D:7      | Found a shimmering altar of Xom.
  6812 | D:8      | Reached skill level 5 in Short Blades
  6812 | D:8      | Reached skill level 5 in Long Blades
  6812 | D:8      | Reached skill level 5 in Maces & Flails
  6812 | D:8      | Reached skill level 5 in Polearms
  6812 | D:8      | Reached skill level 5 in Staves
  6812 | D:8      | Reached skill level 5 in Slings
  6812 | D:8      | Reached skill level 5 in Bows
  6812 | D:8      | Reached skill level 5 in Crossbows
  6812 | D:8      | Reached skill level 5 in Throwing
  6812 | D:8      | Reached skill level 5 in Stealth
  6812 | D:8      | Reached skill level 5 in Shields
  6812 | D:8      | Reached skill level 5 in Unarmed Combat
  6812 | D:8      | Reached skill level 5 in Evocations
  7144 | D:8      | Found Emax's Distillery.
  7366 | D:8      | Reached *** piety under Okawaru
  7619 | D:9      | Got an ancient scale mail
  7643 | D:8      | Identified the +4 scale mail of the End {rF- MR++ Int+4
                  | Stlth+} (You found it on level 9 of the Dungeon)
  7832 | D:9      | Got an encrusted plate armour
  7863 | D:8      | Identified the +2 plate armour "Izaffa" {+Fly rElec} (You
                  | found it on level 9 of the Dungeon)
  8384 | D:9      | Found a staircase to the Lair.
  8411 | D:9      | Noticed a two-headed ogre
  8419 | D:9      | Killed a two-headed ogre
  8419 | D:9      | Received a gift from Okawaru
  8419 | D:9      | Reached **** piety under Okawaru
  8419 | D:9      | Reached XP level 11. HP: 65/84 MP: 14/22
  8534 | D:9      | Reached skill level 5 in Conjurations
  8534 | D:9      | Reached skill level 5 in Hexes
  8534 | D:9      | Reached skill level 5 in Summonings
  8534 | D:9      | Reached skill level 5 in Necromancy
  8534 | D:9      | Reached skill level 5 in Translocations
  8534 | D:9      | Reached skill level 5 in Transmutations
  8534 | D:9      | Reached skill level 5 in Fire Magic
  8534 | D:9      | Reached skill level 5 in Ice Magic
  8534 | D:9      | Reached skill level 5 in Air Magic
  8534 | D:9      | Reached skill level 5 in Earth Magic
  8534 | D:9      | Reached skill level 5 in Poison Magic
  8665 | D:9      | Found a staircase to the Orcish Mines.
  8675 | D:9      | Found a roughly hewn altar of Beogh.
  8874 | D:9      | Learned a level 2 spell: Song of Slaying
  8916 | D:9      | Noticed Grum
  8936 | D:9      | Killed Grum
  8987 | D:9      | Got a crude buckler
  8994 | D:9      | Identified the +1 buckler of the Present {rN++} (You found
                  | it on level 9 of the Dungeon)
  9215 | D:10     | Entered Level 10 of the Dungeon
  9265 | D:10     | Noticed a two-headed ogre
  9277 | D:10     | Killed a two-headed ogre
  9469 | D:10     | Reached ***** piety under Okawaru
  9977 | D:10     | Identified the Almanac of Evil and Earth
 10211 | Lair:1   | Entered Level 1 of the Lair of Beasts
 10233 | Lair:1   | Received a gift from Okawaru
 10853 | Lair:1   | Noticed a five-headed hydra
 10861 | Lair:1   | Killed a five-headed hydra
 10861 | Lair:1   | Reached XP level 12. HP: 53/93 MP: 17/24
 10889 | Lair:1   | Noticed a six-headed hydra
 11275 | Lair:1   | Received a gift from Okawaru
 11399 | Lair:1   | Noticed an eight-headed hydra
 11406 | Lair:1   | Slain by an eight-headed hydra

Vault maps used:
D:1:      ebering_trefoil_twist, serial_bayou_pond_e, minmay_misc_feat_roman,
          chequers_serial_rivers_small_3
D:2:      minivault_4, chequers_hall_statues_wall_a, uniq_crazy_yiuf_cottage
D:3:      minmay_misc_feat_x
D:4:      vehumet_crystals, uniq_menkaure, uniq_ijyb
D:5:      old_standard_altar, kennysheep_mini_moat, serial_shops, shop,
          first_ration, grunt_dithmenos_smoke_and_mirrors
D:6:      lemuel_temple_firewalk_b, serial_shops, shop_statue,
          serial_bayou_lake_a, uniq_grinder, uniq_edmund
D:7:      lemuel_doored_altar, ebering_ghost_disaster_area, serial_shops,
          nicolae_shop_behind_doors, basic_altar, minmay_misc_feat_columns,
          nicolae_tso_swordbearing_angel, uniq_joseph
D:8:      serial_shops, nicolae_shop_trees
D:9:      grunt_lair_entry_orc_guard_hut, minmay_orc_entry_temple_large,
          serial_gnoll_camp, gnoll_camp_mini_house, gnoll_camp_huts_basic,
          grums_kennel, gnoll_camp_medium_02, gnoll_camp_mini_basic,
          hangedman_fish_farm
D:10:     serial_rivers, chequers_serial_rivers_room_a,
          chequers_serial_rivers_small_a, chequers_serial_rivers_room_a,
          chequers_serial_rivers_room_a, minmay_misc_feat_rows
Temple:   dpeg_five_rooms_temple
Lair:1:   portal_ice_cave_entry_pillars_1, minmay_lair_oklob_items,
          nicolae_quartered_pool_little, st_stairs_11,
          hangedman_lair_generics_rect

Skill      XL: |  1  2  3  4  5  6  7  8  9 10 11 12 |
---------------+-------------------------------------+-----
Spellcasting   | 5 6 7 8 |  8.7
Short Blades   | 1 2 3 4 5 6 7 |  7.0
Long Blades    | 1 2 3 4 5 6 7 |  7.0
Maces & Flails | 1 2 3 4 5 6 7 |  7.0
Polearms       | 1 2 3 4 5 6 7 |  7.0
Staves         | 1 2 3 4 5 6 7 |  7.0
Slings         | 1 2 3 4 5 6 7 |  7.0
Bows           | 1 2 3 4 5 6 7 |  7.0
Crossbows      | 1 2 3 4 5 6 7 |  7.0
Throwing       | 1 2 3 4 5 6 7 |  7.0
Stealth        | 1 2 3 4 5 6 7 |  7.0
Shields        | 1 2 3 4 5 6 7 |  7.0
Unarmed Combat | 1 2 3 4 5 6 7 |  7.0
Invocations    | 1 2 3 4 5 6 7 |  7.7
Evocations     | 1 2 3 4 5 6 7 |  7.0
Conjurations   | 1 2 3 4 5 |  5.8
Hexes          | 1 2 3 4 5 |  5.8
Summonings     | 1 2 3 4 5 |  5.8
Necromancy     | 1 2 3 4 5 |  5.8
Translocations | 1 2 3 4 5 |  5.8
Transmutations | 1 2 3 4 5 |  5.8
Fire Magic     | 1 2 3 4 5 |  5.8
Ice Magic      | 1 2 3 4 5 |  5.8
Air Magic      | 1 2 3 4 5 |  5.8
Earth Magic    | 1 2 3 4 5 |  5.8
Poison Magic   | 1 2 3 4 5 |  5.8
Armour         | 3 4 5 6 7 |  7.5
Fighting       | 5 6 7 8 |  8.4
Axes           | 5 6 7 8 |  8.4
Dodging        | 5 6 7 8 |  8.4
Charms         | 6 7 8 |  8.1

Action                   |  1- 3 |  4- 6 |  7- 9 | 10-12 || total
-------------------------+-------+-------+-------+-------++-------
Melee: Hand axe          |    88 |       |       |       ||    88
       Bite              |     3 |    11 |    17 |    68 ||    99
       Punch             |     1 |       |       |       ||     1
       Quarterstaff      |       |    69 |    73 |       ||   142
       Dire flail        |       |       |    87 |   515 ||   602
 Fire: Hunting sling     |       |    35 |     7 |       ||    42
 Cast: Spectral Weapon   |     3 |     4 |     9 |    31 ||    47
       Infusion          |     1 |     2 |     3 |     5 ||    11
       Regeneration      |     1 |       |     3 |    11 ||    15
       Song of Slaying   |       |       |       |     3 ||     3
Invok: Heroism           |       |       |       |     6 ||     6
       Finesse           |       |       |       |     1 ||     1
Evoke: Wand              |       |       |     2 |       ||     2
  Use: Scroll            |       |       |     7 |     1 ||     8
       Potion            |       |       |       |     1 ||     1
 Stab: Sleeping          |     1 |     1 |     1 |     7 ||    10
       Distracted        |       |       |       |     3 ||     3
  Eat: Chunk             |     1 |     6 |     7 |    14 ||    28
       Ration            |       |       |     1 |     2 ||     3
Armor: Ring mail         |    27 |    43 |       |       ||    70
       Leather armour    |       |       |    42 |   170 ||   212
Dodge: Dodged            |    53 |    65 |   121 |   455 ||   694
Block: Other             |       |       |    11 |   106 ||   117

Table legend:
 A = Non-vault XP
 B = Vault XP
 C = Vault XP percentage of total XP
 D = Non-vault monster count
 E = Vault monster count
 F = Vault count percentage of total count
                 A         B        C        D         E       F
            +---------+---------+-------+---------+---------+-------
      Total |   15672 |    6511 |  29.4 |     221 |      77 |  25.8
            +---------+---------+-------+---------+---------+-------
        D:1 |      49 |      42 |  46.2 |      27 |       1 |   3.6
        D:2 |     110 |       0 |   0.0 |      15 |       0 |   0.0
        D:3 |     126 |       0 |   0.0 |      21 |       0 |   0.0
        D:4 |     339 |     213 |  38.6 |      15 |       2 |  11.8
        D:5 |     522 |       0 |   0.0 |      11 |       0 |   0.0
        D:6 |    1627 |     428 |  20.8 |      18 |       2 |  10.0
        D:7 |     648 |    1252 |  65.9 |      14 |       2 |  12.5
        D:8 |    1779 |       0 |   0.0 |      35 |       0 |   0.0
        D:9 |    2957 |    2825 |  48.9 |      30 |      64 |  68.1
       D:10 |    3584 |       0 |   0.0 |      22 |       0 |   0.0
     Lair:1 |    3931 |    1751 |  30.8 |      13 |       6 |  31.6
            +---------+---------+-------+---------+---------+-------
